Map: Neon Violet Square LE

Players

RiSky

  • Race: Zerg Zerg
  • Spawn Location: 11:00

Bunny - Winner!

  • Race: Terran Terran
  • Spawn Location: 5:00

Event: IEM Season 12 - Katowice

VOD

Have the link to the VOD?

Description

Time

  • Played on: Feb. 27, 2018, 6:01 a.m.
  • Length: 9:54

All games in this series

Show
View Real Time Build Order
Export as new Build Order

RiSky Zerg 

Build Orders: Hatch First 

Get SALT Encoding   

  12  0:00  Drone  
  13  0:13  Overlord  
  13  0:18  Drone  
  14  0:31  Drone x2  
  14  0:35  Drone  
  17  0:52  Hatchery  
  17  0:55  Drone  
  17  0:59  Drone  
  18  1:10  Extractor  
  17  1:14  Spawning Pool  
  17  1:17  Drone  
  17  1:20  Drone  
  18  1:28  Drone  
  19  1:39  Overlord  
  19  1:50  Drone  
  20  2:00  Queen  
  23  2:01  Zergling x2  
  23  2:03  Queen  
  23  2:04  Zergling x2  
  26  2:11  Metabolic Boost  
  26  2:12  Drone  
  27  2:16  Drone  
  27  2:22  Drone  
  29  2:25  Drone  
  30  2:36  Hatchery  
  29  2:39  Drone  
  29  2:41  Drone  
  31  2:47  Overlord  
  31  2:48  Drone  
  32  2:55  Drone  
  33  2:59  Drone  
  34  3:05  Drone  
  34  3:11  Drone x2  
  34  3:12  Drone  
  38  3:13  Drone x2  
  38  3:15  Overlord  
  38  3:17  Drone  
  38  3:18  Drone  
  42  3:21  Drone  
  43  3:32  Zergling x2  
  43  3:33  Queen x2  
  48  3:37  Roach Warren  
  48  3:40  Overlord  
  47  3:42  Drone  
  47  3:46  Drone  
  49  3:48  Drone x2  
  49  3:49  Drone  
  49  3:50  Drone  
  49  3:52  Zergling x2  
  49  3:53  Zergling x2  
  55  3:58  Drone, Overlord  
  55  4:01  Drone  
  57  4:05  Queen  
  57  4:07  Drone  
  57  4:09  Drone  
  61  4:11  Drone  
  61  4:15  Overlord  
  62  4:19  Overlord  
  62  4:21  Overlord  
  62  4:23  Overlord  
  62  4:29  Drone x2, Queen  
  66  4:33  Drone  
  66  4:40  Roach x3  
  66  4:42  Overlord  
  66  4:43  Drone x2  
  66  4:44  Overlord  
  74  4:48  Overlord  
  74  4:52  Drone  
  75  4:54  Spore Crawler x2  
  75  4:56  Drone  
  75  4:57  Evolution Chamber x2  
  75  4:59  Drone  
  73  5:05  Drone  
  73  5:09  Drone x2  
  73  5:12  Queen  
  77  5:14  Overlord  
  77  5:16  Overlord  
  77  5:17  Drone  
  77  5:18  Drone x2  
  77  5:19  Drone x3  
  83  5:22  Overlord  
  83  5:25  Overlord  
  83  5:28  Zerg Missile Weapons Level 1, Zerg Ground Armor Level 1  
  83  5:30  Overlord  
  83  5:31  Drone  
  83  5:32  Extractor  
  83  5:33  Extractor  
  82  5:36  Overlord  
  82  5:39  Overlord  
  82  5:44  Zergling x2  
  82  5:45  Zergling x6  
  82  5:48  Overlord  
  86  5:50  Drone  
  86  5:51  Drone  
  86  5:54  Lair  
  86  5:55  Extractor  
  87  5:59  Drone x2  
  87  6:01  Spore Crawler  
  87  6:02  Hatchery  
  87  6:03  Drone x2  
  89  6:07  Drone, Extractor  
  89  6:08  Drone, Extractor  
  89  6:12  Drone  
  89  6:13  Overlord  
  89  6:15  Roach  
  90  6:23  Roach  
  91  6:26  Roach x3  
  91  6:27  Overlord  
  91  6:28  Drone  
  98  6:33  Overlord  
  98  6:37  Drone x3, Queen  
  98  6:39  Overlord  
  103  6:40  Drone  
  103  6:41  Overlord  
  103  6:42  Roach, Queen  
  107  6:49  Roach x2  
  107  6:50  Overlord  
  107  6:52  Overseer  
  111  6:56  Overlord  
  111  6:57  Drone  
  111  6:59  Drone x2  
  111  7:01  Drone  
  115  7:03  Infestation Pit, Overlord  
  115  7:05  Overlord  
  114  7:08  Overlord  
  114  7:09  Drone  
  114  7:11  Overseer  
  114  7:13  Queen  
  114  7:14  Drone  
  118  7:21  Drone  
  118  7:22  Drone x3  
  122  7:26  Zerg Ground Armor Level 2, Zerg Missile Weapons Level 2  
  122  7:28  Drone  
  123  7:31  Hydralisk Den  
  123  7:33  Extractor  
  123  7:35  Extractor  
  120  7:37  Roach x3  
  128  7:44  Roach x3  
  128  7:50  Roach x6  
  141  7:53  Roach  
  141  7:56  Overlord  
  141  7:57  Roach  
  141  7:58  Roach  
  145  8:07  Roach  
  145  8:08  Roach  
  147  8:17  Overseer  
  147  8:24  Hatchery  
  147  8:25  Hive  
  146  8:28  Overseer  
  146  8:29  Muscular Augments  
  146  8:30  Hydralisk x4  
  154  8:35  Hydralisk x2  
  154  8:40  Hydralisk x2  
  162  8:45  Hydralisk  
  162  8:46  Hydralisk  
  164  8:51  Roach x3  
  165  8:57  Roach x2  
  165  9:00  Roach x3  
  171  9:04  Hydralisk  
  171  9:05  Hydralisk  
  171  9:12  Spawning Pool  
  165  9:17  Roach  
  165  9:18  Roach x2  
  165  9:23  Roach x2  
  175  9:30  Roach x3  
Show
View Real Time Build Order
Export as new Build Order

Bunny Terran - Winner!

Build Orders: Reaper Expand, Hellion Banshee, Mech 

Get SALT Encoding   

  12  0:00  SCV  
  13  0:13  SCV  
  14  0:17  Supply Depot  
  14  0:25  SCV  
  15  0:39  SCV  
  15  0:41  Barracks  
  16  0:45  Refinery  
  16  0:51  SCV  
  17  1:03  SCV  
  18  1:15  SCV  
  19  1:28  Orbital Command  
  19  1:29  Reaper  
  20  1:43  Command Center  
  20  1:53  Supply Depot, SCV  
  21  2:00  Marine  
  22  2:05  SCV  
  23  2:09  Factory  
  23  2:17  SCV  
  23  2:22  Barracks Reactor  
  24  2:26  Refinery  
  24  2:29  SCV  
  25  2:41  SCV  
  26  2:54  SCV, Orbital Command  
  26  2:55  Starport  
  27  3:03  Hellion x2  
  27  3:05  Barracks Tech Lab  
  31  3:06  SCV  
  32  3:18  SCV  
  33  3:20  SCV  
  33  3:25  Hellion x2  
  33  3:26  Supply Depot  
  38  3:31  SCV  
  38  3:32  SCV  
  40  3:36  Viking  
  42  3:43  SCV  
  42  3:44  SCV  
  42  3:46  Hellion  
  46  3:49  Hellion  
  46  3:55  Supply Depot, SCV  
  48  3:56  SCV  
  50  4:08  Command Center  
  50  4:13  Banshee  
  50  4:15  Cloaking Field  
  53  4:17  SCV  
  53  4:20  SCV  
  55  4:26  Hellion x2  
  55  4:31  Supply Depot, SCV  
  59  4:35  SCV  
  61  4:43  SCV  
  62  4:49  Factory  
  62  4:52  SCV, Factory  
  63  4:53  Barracks Tech Lab  
  63  4:55  Banshee  
  63  4:56  SCV  
  63  4:57  Refinery  
  63  4:59  Refinery  
  67  5:05  Supply Depot, SCV  
  68  5:08  SCV  
  69  5:18  SCV  
  69  5:20  SCV  
  69  5:21  Hellion x2, Orbital Command  
  75  5:29  Armory  
  75  5:30  SCV, Armory  
  75  5:32  SCV  
  77  5:37  Supply Depot  
  77  5:43  SCV  
  77  5:44  SCV  
  77  5:51  SCV  
  77  5:52  Starport Reactor  
  77  5:55  SCV  
  77  5:56  SCV  
  86  6:03  Supply Depot, SCV, Refinery  
  86  6:04  Refinery  
  81  6:07  SCV  
  81  6:08  SCV  
  81  6:09  Supply Depot  
  83  6:15  SCV  
  83  6:16  Thor  
  83  6:17  Thor  
  96  6:19  SCV  
  96  6:20  SCV  
  96  6:22  Terran Vehicle Weapons Level 1  
  98  6:27  Terran Vehicle And Ship Armor Level 1, Hellion x10, SCV  
  98  6:28  Hellion  
  98  6:31  SCV  
  98  6:32  SCV  
  103  6:34  Hellion  
  106  6:40  SCV  
  106  6:43  SCV, Medivac  
  106  6:44  SCV, Medivac  
  112  6:53  SCV  
  113  6:55  SCV  
  113  6:57  SCV  
  113  7:00  Factory  
  115  7:03  Factory  
  115  7:11  Supply Depot  
  115  7:12  Supply Depot x3  
  115  7:14  Supply Depot  
  115  7:15  Siege Tank  
  118  7:16  Siege Tank  
  118  7:18  Command Center  
  121  7:25  Hellion x2  
  125  7:30  Supply Depot  
  125  7:31  Supply Depot  
  125  7:33  Viking  
  125  7:34  Viking  
  129  7:48  Factory Tech Lab, Factory Reactor  
  130  7:51  Siege Tank x2  
  130  7:53  Hellion x2  
  137  8:03  Viking  
  137  8:04  Viking  
  141  8:09  Siege Tank  
  141  8:11  Infernal Pre-Igniter  
  144  8:19  Hellion x2  
  148  8:22  SCV x3  
  148  8:26  Siege Tank  
  157  8:27  Siege Tank  
  157  8:28  Hellion x2  
  157  8:33  Orbital Command  
  161  8:41  Siege Tank  
  164  8:46  Hellion x2  
  168  8:48  Viking x2  
  172  8:58  Siege Tank  
  172  8:59  Hellion x2  
  175  9:04  Refinery  
  175  9:05  Refinery  
  175  9:06  Supply Depot, Engineering Bay  
  169  9:12  Siege Tank  
  169  9:13  Siege Tank  
  174  9:17  Hellion x2  
  174  9:21  Viking x2  
  177  9:30  Hellion  
  177  9:31  Hellion  

Tags
 
Add a new tag
Caveats
  • Supply blocks, unpowered buildings, or Contaminate may cause inaccurate times.
  • Supply counts are checked every 10 seconds.